Map: Taito Citadel LE

Players

Psalca

  • Race: Zerg Zerg
  • League: Platinum
  • Spawn Location: 11:00

HoldTheDoor - Winner!

  • Race: Protoss Protoss
  • League: Diamond
  • Spawn Location: 5:00

VOD

Have the link to the VOD?

Description

Time

  • Played on: May 3, 2026, 9:53 a.m.
  • Length: 11:45
Show
View Real Time Build Order
Export as new Build Order

Psalca Zerg 

Build Orders: Hatch First, Roach Hydra 

Get SALT Encoding   

  12  0:01  Drone  
  13  0:08  Drone  
  14  0:18  Extractor  
  14  0:19  Drone  
  14  0:20  Extractor  
  14  0:21  Drone  
  14  0:27  Overlord  
  16  0:49  Hatchery  
  15  0:50  Drone  
  15  0:53  Drone  
  18  0:57  Drone  
  18  1:06  Drone  
  19  1:14  Spawning Pool  
  19  1:18  Extractor  
  17  1:28  Drone x2  
  19  1:41  Overlord  
  19  1:50  Drone  
  20  2:01  Queen  
  20  2:06  Zergling x4  
  20  2:08  Queen  
  24  2:13  Zergling x4  
  28  2:20  Metabolic Boost  
  28  2:21  Drone  
  29  2:24  Drone  
  30  2:31  Drone  
  31  2:37  Drone  
  31  2:44  Queen  
  32  2:47  Drone x2  
  36  2:58  Lair  
  36  3:00  Overlord  
  36  3:01  Overlord  
  36  3:20  Roach Warren, Zergling x2  
  36  3:21  Zergling x4  
  36  3:26  Drone x4  
  42  3:27  Drone  
  42  3:30  Drone  
  44  3:40  Drone x2  
  44  3:41  Drone  
  47  3:48  Extractor  
  46  3:55  Drone x3  
  49  3:56  Extractor, Drone  
  49  4:02  Glial Reconstitution  
  49  4:20  Roach  
  49  4:22  Overlord x3  
  51  4:29  Overlord x2  
  51  4:39  Queen  
  51  4:41  Overlord x2  
  51  4:43  Hatchery, Roach  
  51  4:45  Roach  
  56  4:48  Roach  
  56  4:51  Drone  
  59  4:53  Extractor, Drone  
  59  5:01  Drone x3  
  62  5:09  Hydralisk Den  
  61  5:18  Evolution Chamber  
  61  5:20  Roach x3  
  61  5:21  Roach  
  68  5:30  Drone x2  
  68  5:31  Drone x2  
  68  5:32  Roach  
  74  5:57  Overseer x2  
  74  6:03  Roach x6  
  74  6:04  Roach x2  
  90  6:22  Hydralisk x4  
  98  6:28  Zerg Missile Weapons Level 1  
  98  6:33  Grooved Spines  
  98  6:37  Evolution Chamber  
  97  6:41  Hydralisk  
  99  6:50  Hatchery  
  98  7:01  Hydralisk x4  
  98  7:02  Hydralisk  
  108  7:08  Overlord  
  108  7:09  Overlord  
  108  7:23  Muscular Augments  
  108  7:26  Hydralisk  
  108  7:27  Zergling x8  
  108  7:28  Hydralisk, Zergling x2  
  108  7:29  Roach  
  119  7:38  Drone x4  
  123  7:58  Overlord x2  
  123  7:59  Overlord x2  
  123  8:01  Zerg Ground Armor Level 1  
  123  8:06  Evolution Chamber  
  122  8:23  Zerg Melee Weapons Level 1  
  122  8:26  Roach x4  
  122  8:27  Zergling x8, Hydralisk  
  132  8:29  Drone  
  132  8:30  Drone  
  138  8:35  Drone  
  138  8:36  Drone  
  138  8:38  Drone x2  
  138  8:41  Zergling x4  
  144  8:42  Drone  
  144  8:43  Drone  
  146  9:04  Drone x4  
  146  9:07  Extractor  
  146  9:08  Hydralisk x2, Hatchery  
  146  9:09  Extractor  
  151  9:14  Drone x2  
  151  9:15  Drone x3  
  156  9:20  Zergling x2  
  156  9:21  Zergling x6  
  129  9:44  Zergling x20  
  112  9:52  Roach  
  90  9:57  Overseer  
  90  9:59  Roach x6, Hydralisk  
  92  10:07  Roach x3  
  88  10:18  Roach x2  
  78  10:26  Hydralisk x3  
  80  10:35  Roach  
  80  10:36  Roach x2  
  84  10:43  Roach x2  
  84  10:48  Hydralisk  
  90  10:53  Hydralisk x2  
  94  10:58  Roach  
  96  11:08  Zergling x6  
  67  11:27  Zergling x2  
  67  11:28  Zergling x10  
Show
View Real Time Build Order
Export as new Build Order

HoldTheDoor Protoss - Winner!

Build Orders: 1 Gate Expand, Archon Immortal, Dark Templar Rush 

Get SALT Encoding   

  12  0:00  Probe  
  13  0:12  Probe  
  14  0:18  Pylon  
  14  0:24  Probe  
  15  0:33  Probe  
  15  0:40  Gateway  
  15  0:41  Probe  
  16  0:49  Assimilator  
  17  0:52  Probe  
  19  1:04  Probe  
  19  1:05  Pylon  
  19  1:16  Probe  
  20  1:37  Nexus  
  20  1:41  Cybernetics Core  
  20  1:44  Assimilator  
  20  1:46  Probe  
  21  1:50  Pylon  
  21  1:58  Probe  
  22  2:08  Stalker  
  22  2:15  Probe  
  22  2:21  Warp Gate  
  25  2:28  Probe  
  26  2:39  Gateway  
  26  2:41  Twilight Council  
  26  2:44  Adept  
  26  2:47  Probe  
  29  2:53  Probe  
  30  2:59  Probe  
  31  3:05  Probe  
  31  3:11  Probe  
  33  3:15  Robotics Facility  
  33  3:25  Dark Shrine  
  33  3:26  Pylon  
  33  3:28  Pylon  
  33  3:32  Pylon  
  33  3:33  Probe x2  
  35  3:45  Probe  
  36  3:55  Probe  
  37  3:59  Probe  
  38  4:06  Warp Prism  
  38  4:13  Probe  
  38  4:14  Probe  
  38  4:21  Gateway  
  38  4:23  Gateway  
  40  4:25  Probe, Assimilator, Pylon  
  40  4:26  Adept  
  40  4:27  Adept  
  40  4:28  Probe  
  46  4:37  Probe  
  47  4:41  Probe  
  47  4:42  Pylon  
  48  4:53  Probe  
  49  5:03  Dark Templar x2  
  53  5:11  Probe x2  
  55  5:14  Pylon  
  55  5:20  Dark Templar  
  57  5:22  Dark Templar  
  59  5:29  Probe  
  59  5:30  Probe  
  59  5:34  Pylon  
  61  5:36  Nexus  
  61  5:38  Pylon  
  61  5:41  Probe  
  61  5:42  Probe  
  63  6:01  Probe x2  
  65  6:08  Immortal  
  65  6:09  Forge, Charge  
  69  6:21  Dark Templar x3  
  69  6:24  Zealot  
  77  6:26  Archon  
  77  6:27  Probe  
  77  6:30  Pylon  
  77  6:32  Probe  
  79  6:41  Gateway  
  79  6:42  Gateway  
  79  6:44  Gateway  
  79  6:45  Gateway  
  79  6:48  Gateway  
  79  6:51  Gateway x2  
  79  6:52  Archon x2  
  79  6:54  Dark Templar x2  
  83  6:59  Dark Templar  
  83  7:00  Protoss Ground Weapons Level 1  
  85  7:01  Archon  
  85  7:04  Archon  
  85  7:05  Probe  
  86  7:15  Probe  
  86  7:16  Probe  
  86  7:20  Pylon  
  86  7:22  Photon Cannon, Immortal  
  88  7:24  Probe  
  88  7:25  Photon Cannon  
  88  7:27  Shield Battery  
  88  7:28  Probe x2, Shield Battery  
  95  7:43  Zealot x3  
  95  7:44  Zealot x2  
  103  7:45  Zealot  
  107  7:54  Immortal  
  107  7:58  Zealot x3  
  109  7:59  Zealot x2  
  121  8:16  Photon Cannon  
  121  8:20  Pylon  
  121  8:22  Photon Cannon  
  121  8:23  Photon Cannon  
  121  8:26  Pylon  
  121  8:27  Photon Cannon  
  121  8:32  Photon Cannon  
  121  8:35  Immortal  
  121  8:36  Photon Cannon  
  121  8:41  Shield Battery  
  121  8:44  Shield Battery  
  125  8:52  Dark Templar x2  
  125  8:54  Zealot  
  131  8:56  Zealot  
  131  8:58  Archon, Protoss Ground Armor Level 1  
  133  9:09  Shield Battery  
  133  9:11  Photon Cannon  
  133  9:14  Observer, Photon Cannon  
  134  9:20  Zealot x3, Photon Cannon  
  134  9:21  Zealot x2  
  144  9:32  Immortal  
  132  9:38  Zealot x2  
  132  9:39  Zealot x2  
  116  9:50  Zealot x5  
  120  9:57  Zealot x2  
  120  10:08  Zealot  
  120  10:09  Zealot x3  
  116  10:34  Zealot  
  118  10:36  Zealot x6  
  118  10:37  Zealot x4  
  118  10:40  Immortal  
  142  11:17  Zealot x5  
  142  11:18  Zealot x6  
Tags
 
Add a new tag
Caveats
  • Supply blocks, unpowered buildings, or Contaminate may cause inaccurate times.
  • Supply counts are checked every 10 seconds.